 Dungeon Crawl Stone Soup version 0.29.1-15-g9cfb28693d (webtiles) character file.

Game seed: 4999169585726205637

4897 GeoRichter the Basher (level 10, -42/76 HPs)
             Began as a Formicid Monk on Mar 6, 2023.
             Was an Initiate of Lugonu.
             Annihilated by Erolcha
             ... wielding a +0 giant club
              (54 damage)
             ... on level 9 of the Dungeon.
             The game lasted 00:16:55 (9150 turns).

GeoRichter the Basher (Formicid Monk)               Turns: 9150, Time: 00:16:55

Health: -42/76     AC: 13    Str: 20    XL:     10   Next: 80%
Magic:  9/10       EV:  6    Int: 10    God:    Lugonu [......]
Gold:   234        SH:  0    Dex: 16    Spells: 9/9 levels left

rFire   . . .      SeeInvis +   a - +4 quarterstaff (chaos)
rCold   . . .      Faith    .   (no shield)
rNeg    . . .      Spirit   .   y - +0 plate armour
rPois   +          Reflect  .   (helmet unavailable)
rElec   .          Harm     .   z - +1 cloak {rCorr}
rCorr   +          Rampage  .   (no gloves)
Will    ++...                   f - +0 pair of boots
Stlth   ..........              (no amulet)
HPRegen 0.22/turn               k - ring of poison resistance
MPRegen 0.12/turn               o - ring of willpower

@: mighty
A: reduced essence, permanent stasis, dig shafts and tunnels, antennae 3, four
strong arms
a: Dig, Shaft Self, Renounce Religion


You were on level 9 of the Dungeon.
You worshipped Lugonu.
Lugonu was noncommittal.
You visited 1 branch of the dungeon, and saw 9 of its levels.
You visited the Abyss 1 time.

You collected 485 gold pieces.
You spent 251 gold pieces at shops.

Inventory:

Hand Weapons
 a - a +4 quarterstaff of chaos (weapon)
   (You took it off Crazy Yiuf on level 3 of the Dungeon)
 D - a +6 vorpal giant club
   (You bought it in a shop on level 5 of the Dungeon)
Missiles
 u - 11 poisoned darts (quivered)
Armour
 f - a +0 pair of boots (worn)
   (You found it on level 1 of the Dungeon)
 y - a +0 plate armour (worn)
   (You took it off an orc on level 3 of the Dungeon)
 z - a +1 cloak of preservation (worn)
   (You took it off Crazy Yiuf on level 3 of the Dungeon)
Jewellery
 k - a ring of poison resistance (left hand)
   (You found it on level 2 of the Dungeon)
 o - a ring of willpower (right hand)
   (You found it on level 2 of the Dungeon)
 r - a ring of resist corrosion
   (You found it on level 2 of the Dungeon)
 G - a +4 ring of protection
   (You found it on level 8 of the Dungeon)
 I - a ring of protection from cold
   (You found it on level 8 of the Dungeon)
Wands
 b - a wand of light (6)
   (You found it on level 6 of the Dungeon)
 i - a wand of mindburst (2)
   (You found it on level 6 of the Dungeon)
 C - a wand of iceblast (11)
   (You took it off an orc on level 5 of the Dungeon)
 J - a wand of digging (5)
   (You took it off Grum on level 8 of the Dungeon)
Scrolls
 d - 2 scrolls of noise {!r}
 g - 2 scrolls of identify {@r1}
 h - 3 scrolls of poison
 l - a scroll of immolation {!r}
 m - 4 scrolls of fear
 n - 2 scrolls of vulnerability {!r}
 q - 4 scrolls of butterflies
 w - 3 scrolls of teleportation {unknown}
 E - a scroll of enchant weapon
 F - a scroll of brand weapon
 H - a scroll of magic mapping {unknown}
Potions
 c - 2 potions of ambrosia
 e - 2 potions of mutation {!q}
 j - 2 potions of might
 p - 3 potions of degeneration {!q}
 s - 3 potions of brilliance {unknown}
 t - a potion of resistance
 v - 2 potions of curing {@q1}
 x - a potion of heal wounds {@q2}
 A - a potion of lignification {unknown}
 B - a potion of flight
 K - a potion of attraction {unknown}


   Skills:
 + Level 10.0 Fighting
 * Level 10.9(11.6) Maces & Flails
 - Level 6.3(9.4) Staves
 + Level 1.1 Armour
 - Level 2.6 Dodging
 - Level 2.4 Stealth
 - Level 2.0 Evocations


You had 9 spell levels left.
You didn't know any spells.
Your spell library was empty.

Dungeon Overview and Level Annotations

Branches:
Dungeon (9/15) Zot: 26598  Temple (0/1) D:6            Lair (0/5) D:9
    Orc: D:9-12

Altars:
Hepliaklqana
Nemelex Xobeh
Vehumet
Wu Jian
Zin

Shops:
D:3 *!   D:5 ?([[*:

Annotations:
D:3 exclusion: statue
D:9 Erolcha


Innate Abilities, Weirdness & Mutations

Your life essence is reduced to manifest your ancestor. (-10% HP)
You cannot be hasted, slowed, berserked, paralysed or teleported.
You can dig through walls and to a lower floor.
You have a pair of large antennae on your head. (SInv)
Your four strong arms can wield two-handed weapons with a shield.


Message History

There is an open door, spattered with blood here.
Found a corrupted altar of Lugonu.
There is a corrupted altar of Lugonu, spattered with blood here.
You kneel at the altar of Lugonu.
You have lost your religion!
Hepliaklqana does not appreciate desertion!
Lugonu welcomes you!
You can now depart the Abyss.
You pass through the gate.
Welcome back to the Dungeon!
Level annotation: Erolcha You can no longer depart the Abyss at will.
You feel very mighty all of a sudden. Erolcha hits you with a +0 giant club.
A centaur comes into view.
You barely miss Erolcha. The centaur barely misses you.
The centaur closely misses you.
Erolcha screams, "Stand!
Erolcha hit you!"
Erolcha casts a spell.
Erolcha blinks!
You sock Erolcha! The centaur hits you.
The centaur kicks you but does no damage.
You sock Erolcha!
Erolcha casts a spell.
Erolcha blinks!
The centaur hits you but does no damage.
The centaur closely misses you.
An orc comes into view. It is wielding a +0 war axe.
You completely miss the centaur.
The sentinel's mark upon you fades away.
The centaur hits you but does no damage.
The centaur kicks you but does no damage.
The centaur barely misses you.
The centaur kicks you but does no damage.
You sock Erolcha!
Erolcha goes berserk!
Erolcha barely misses you. The centaur barely misses you. x2
You hit Erolcha.
Erolcha hits you with a +0 giant club!!!
Ouch! That really hurt!
* * * LOW HITPOINT WARNING * * *
The centaur hits you but does no damage.
The centaur kicks you but does no damage.
You hear a shout!
You closely miss Erolcha.
The centaur hits you but does no damage.
The centaur kicks you.
* * * LOW HITPOINT WARNING * * *
Erolcha hits you with a +0 giant club!!!
Ouch! That really hurt!
You die...

{{ ### +.#
###.#+#
#.....#
+.O...#
#.@...#
#####c#+#
+...{o#
###..{#####
#.O.....#.+
#'#...#'#.###
..
#...#.....# .
##+##.....+ #
#...#.....# .


You could see Erolcha (berserk), a centaur and an orc.

Vanquished Creatures
  A steam dragon (D:7)
  2 water moccasins
  A black bear (D:6)
  An ice beast (D:6)
  A wolf (D:8)
  2 ogres
  3 bullfrogs
  A gnoll sergeant (D:6)
  2 killer bees (D:9)
  A gnoll bouda (D:7)
  3 hounds
  7 orc priests
  Crazy Yiuf (D:3)
  A jelly (D:5)
  An iguana (D:5)
  9 orc wizards
  7 gnolls
  6 adders
  A shadow imp (D:8)
  2 white imps (D:6)
  2 worms (D:4)
  2 dart slugs
  17 orcs
  8 endoplasms
  3 giant cockroaches
  10 hobgoblins
  9 jackals
  6 kobolds
  5 quokkas
  5 ball pythons
  5 bats
  6 frilled lizards
  4 goblins
  7 rats
142 creatures vanquished.

Vanquished Creatures (collateral kills)
  Gastronok (D:8)
  A hornet (D:7)
  A shadow (D:6)
  A fire bat (D:7)
  2 steam dragons (D:7)
  Grum (D:8)
  A sky beast (D:7)
  2 orc warriors
  A wolf (D:8)
  2 centaurs (D:9)
  A necrophage (D:6)
  2 scorpions
  A killer bee (D:9)
  2 orc priests
  A hound (D:6)
  An iguana (D:6)
  3 orc wizards
  2 gnolls
  An adder (D:6)
  A white imp (D:6)
  2 ufetubi
  7 orcs
37 creatures vanquished.

Vanquished Creatures (others)
  A quokka (D:9)
1 creature vanquished.

Grand Total: 180 creatures vanquished

Notes
Turn   | Place    | Note
-------+----------+-------------------------------------------
     0 | D:1      | GeoRichter the Formicid Monk began the quest for the Orb.
     0 | D:1      | Reached XP level 1. HP: 18/18 MP: 1/1
   283 | D:1      | Reached XP level 2. HP: 24/24 MP: 2/2
   582 | D:1      | Reached XP level 3. HP: 30/30 MP: 3/3
  1035 | D:1      | Found a faded altar of an unknown god.
  1457 | D:2      | Reached XP level 4. HP: 27/37 MP: 4/4
  2366 | D:2      | Reached skill level 1 in Staves
  2373 | D:2      | Reached XP level 5. HP: 13/43 MP: 5/5
  2771 | D:3      | Found Erhusatt's Distillery.
  2776 | D:3      | Bought a potion of curing for 39 gold pieces
  2776 | D:3      | Bought a potion of might for 52 gold pieces
  2801 | D:3      | Found a radiant altar of Vehumet.
  2801 | D:3      | Noticed a frost-covered statue
  2892 | D:3      | Found a runed translucent door.
  2893 | D:3      | Noticed Crazy Yiuf
  3377 | D:3      | Found Puka Nilam's General Store.
  3574 | D:3      | HP: 2/43 [Crazy Yiuf/+4 quarterstaff of chaos (2)]
  3575 | D:3      | Killed Crazy Yiuf
  3576 | D:3      | Reached XP level 6. HP: 3/49 MP: 6/6
  4010 | D:4      | Reached skill level 5 in Fighting
  4051 | D:4      | Noticed an ogre
  4308 | D:4      | Killed an ogre
  4309 | D:4      | Reached XP level 7. HP: 56/56 MP: 7/7
  4557 | D:4      | Noticed a water moccasin
  4563 | D:4      | Killed a water moccasin
  4564 | D:4      | Reached skill level 5 in Staves
  4669 | D:5      | Entered Level 5 of the Dungeon
  4924 | D:5      | Found a glowing silver altar of Zin.
  4924 | D:5      | Found a hazy altar of Hepliaklqana.
  4988 | D:5      | Became a worshipper of Hepliaklqana the Forgotten
  4988 | D:5      | Reached * piety under Hepliaklqana
  4988 | D:5      | Reached ** piety under Hepliaklqana
  4989 | D:5      | Remembered your ancestor Taribatum as a battlemage
  5012 | D:5      | Found Puwovi's Fire Supplies.
  5041 | D:5      | Found Wecoenug's Antique Armour Shop.
  5085 | D:5      | Found Jema Zeg's Book Emporium.
  5103 | D:5      | Reached XP level 8. HP: 57/57 MP: 8/8
  5437 | D:5      | Found Ibelam's Magic Scroll Shop.
  5439 | D:5      | Found Nym Hibo's Antique Weapon Shoppe.
  5444 | D:5      | Bought a runed giant club for 136 gold pieces
  5447 | D:5      | Bought a scroll of identify for 24 gold pieces
  5512 | D:5      | Found Tiux's Armour Boutique.
  5671 | D:6      | Identified the +3 spear of Faxon {drain, rElec rC+ Str+7}
  5762 | D:6      | Reached skill level 5 in Maces & Flails
  5990 | D:6      | Reached XP level 9. HP: 29/64 MP: 9/9
  6211 | D:6      | Reached skill level 1 in Evocations
  6541 | D:6      | Reached *** piety under Hepliaklqana
  6847 | D:6      | Found a staircase to the Ecumenical Temple.
  7487 | D:7      | Reached XP level 10. HP: 66/73 MP: 10/10
  7591 | D:7      | Found a sparkling altar of Nemelex Xobeh.
  7722 | D:7      | Found an ornate altar of the Wu Jian Council.
  8097 | D:8      | Noticed Grum
  8105 | D:8      | Killed Grum
  8213 | D:8      | Noticed Gastronok
  8229 | D:8      | Killed Gastronok
  8230 | D:8      | Reached skill level 10 in Maces & Flails
  8465 | D:8      | Reached **** piety under Hepliaklqana
  8737 | D:9      | Found a staircase to the Lair.
  8761 | D:9      | Reached skill level 10 in Fighting
  8786 | D:9      | Reached skill level 1 in Armour
  9125 | D:9      | Noticed Erolcha
  9132 | Abyss:1  | Cast into level 1 of the Abyss (Erolcha)
  9137 | Abyss:1  | Found a corrupted altar of Lugonu.
  9141 | Abyss:1  | Fell from the grace of Hepliaklqana
  9141 | Abyss:1  | Became a worshipper of Lugonu the Unformed
  9141 | Abyss:1  | Reached * piety under Lugonu
  9142 | D:9      | Escaped the Abyss
  9150 | D:9      | Annihilated by Erolcha

Illustrated notes

Levels and vault maps discovered:
D:1:      amcnicky_arrival_choice, layout_rooms,
          shapermc_ecumenical_altar_totnotflames, minmay_tromino_i2
D:2:      layout_basic
D:3:      layout_loops_ring, vehumet_statue, serial_shops, shop, shop,
          uniq_crazy_yiuf_cottage, uniq_sigmund
D:4:      layout_rooms, serial_park_tiny_1
D:5:      layout_basic, nicolae_overflow_two_pavilions, serial_shops,
          nicolae_shop_advertising_works [nicolae_subvault_shop_adworks],
          shop_statue, nicolae_shop_crystal, shop, nicolae_shop_behind_doors,
          corexii_hall_statues_u, nrook_mini_backslash, nicolae_shop_fire_sale
          [nicolae_sub_dead_trees], hangedman_abyss_or_decor_lesser_grid
D:6:      minmay_opposing_rooms, layout_basic, temple_hall,
          hangedman_decor_lopped, serial_park_tiny_2, minmay_chambers_of_fives
D:7:      layout_rooms, nzn_wu_jian_council_hall,
          mainiacjoe_overflow_surrounded_room, dreamdust_wishing_well
D:8:      layout_rooms, uniq_gastronok, uniq_grum
D:9:      nicolae_cairo_tiling_large, layout_cross,
          mainiacjoe_overflow_six_doors_small, elyvilon_altar_4,
          lair_entry_dummy, orc_david_3, serial_shops, shop,
          chequers_serial_rivers_room_a, kennysheep_generic_room_3, uniq_erolcha

Skill      XL: |  1  2  3  4  5  6  7  8  9 10 |
---------------+-------------------------------+-----
Maces & Flails | 4 6 8 10 | 10.9
Fighting       | 4 5 6 7 8 10 | 10.0
Staves         | 1 2 4 5 6 |  6.3
Evocations     | 2 |  2.0
Armour         | 1 |  1.1
Dodging        | |  2.6
Stealth        | |  2.4

Action                   |  1- 3 |  4- 6 |  7- 9 | 10-12 || total
-------------------------+-------+-------+-------+-------++-------
Melee: Mace              |   100 |    23 |       |       ||   123
       Punch             |     1 |     1 |     2 |       ||     4
       Lajatang          |       |    73 |       |       ||    73
       Quarterstaff      |       |    35 |   143 |    51 ||   229
Throw: Dart              |       |     2 |       |       ||     2
       Stone             |       |     2 |       |       ||     2
Invok: Ancestor Life: Ba |       |       |     1 |       ||     1
       Depart the Abyss  |       |       |       |     1 ||     1
       Recall Ancestor   |       |       |       |     1 ||     1
Evoke: Wand              |       |       |     2 |     3 ||     5
  Use: Scroll            |       |       |    15 |       ||    15
       Potion            |       |       |       |     4 ||     4
 Stab: Sleeping          |     4 |       |       |       ||     4
       Confused          |       |       |     1 |       ||     1
       Paralysed         |       |       |     1 |       ||     1
       Distracted        |       |       |     3 |     1 ||     4
Armor: Robe              |     5 |       |       |       ||     5
       Leather armour    |    22 |       |       |       ||    22
       Ring mail         |       |    34 |       |       ||    34
       Plate armour      |       |    39 |    83 |    35 ||   157
Dodge: Dodged            |    50 |    71 |    40 |    19 ||   180
